 Dungeon Crawl Stone Soup version 0.26-a0-707-g31817bc (webtiles) character file.

Game seed: 0

(classic levelgen) 126644 BarneyGumball the Arsonist (level 16, 103/103 HPs)
             Began as a Deep Elf Fire Elementalist on Feb 25, 2019.
             Was a High Priest of Vehumet.
             Quit the game on level 1 of the Spider Nest on Oct 26, 2020.
             The game lasted 03:42:45 (43831 turns).

BarneyGumball the Arsonist (DEFE)                  Turns: 43831, Time: 03:42:46

Health: 103/103    AC:  7    Str:  6    XL:     16   Next: 44%
Magic:  34/34      EV: 19    Int: 27    God:    Vehumet [*****.]
Gold:   1211       SH:  5    Dex: 15    Spells: 10/40 levels left

rFire    . . .     SeeInvis .   Q - staff of removedness
rCold    + . .     Faith    .   O - +0 buckler
rNeg     + . .     Spirit   .   V - +2 robe {MR+}
rPois    .         Reflect  .   (no helmet)
rElec    .         Harm     .   G - scarf {obsolete}
rCorr    +         Rampage  .   (no gloves)
MR       ++...                  b - +2 pair of boots
Stlth    ++........             F - amulet of magic regeneration
HPRegen  0.27/turn              N - ring of protection from cold
MPRegen  0.49/turn              H - ring "Nuigekho" {rN+ rCorr}

@: no status effects
A: no striking features
a: Renounce Religion


You were on level 1 of the Spider Nest.
You worshipped Vehumet.
Vehumet was extremely pleased with you.
You visited 6 branches of the dungeon, and saw 29 of its levels.

You collected 3352 gold pieces.
You spent 2141 gold pieces at shops.

Inventory:

Hand Weapons
 P - the +7 lajatang of Order {silver, rMut}
   (You found it on level 3 of the Lair of Beasts)

   It protects you from mutation.
Missiles
 B - 2 throwing nets (quivered)
Armour
 b - a +2 pair of boots (worn)
 G - a scarf of cloud immunity (worn)
 O - a +0 buckler (worn)
 U - the +3 salamander hide armour {Flames rF++ rC--}
   (You found it on level 1 of the Orcish Mines)

   It greatly protects you from fire.
   It makes you very vulnerable to cold.
 V - a +2 robe of magic resistance (worn)
 Z - a +0 leather armour of poison resistance
Magical Staves
 a - an uncursed staff of air
 Q - an uncursed staff of removedness (weapon)
 R - an uncursed staff of conjuration
Jewellery
 h - an uncursed amulet of harm
 o - an uncursed ring of see invisible
 u - an uncursed ring of fire
 F - an amulet of magic regeneration (around neck)
 H - the ring "Nuigekho" (right hand) {rN+ rCorr}
   (You found it on level 2 of the Shoals)

   [ring of resist corrosion]

   It protects you from negative energy.
   It provides partial protection from all sources of acid and corrosion.
 N - a ring of protection from cold (left hand)
 W - a cursed ring of attention {unknown}
Wands
 r - a wand of flame (18)
 y - a wand of digging (3)
 A - a wand of paralysis (8)
 I - a wand of iceblast (9)
 M - a wand of enslavement (14)
 T - a wand of acid (2)
Scrolls
 d - 11 scrolls of teleportation
 f - 4 scrolls of amnesia
 g - 3 scrolls of blinking
 i - a scroll of brand weapon
 j - 9 scrolls of fog
 m - 5 scrolls of enchant weapon
 t - 7 scrolls of fear
 w - 3 scrolls of immolation
 x - 2 scrolls of enchant armour
 E - 9 scrolls of remove curse
 L - 3 scrolls of magic mapping
 X - a scroll of holy word
Potions
 e - 2 potions of cancellation
 k - 2 potions of lignification
 l - 3 potions of brilliance
 n - a potion of berserk rage {unknown}
 p - 4 potions of invisibility
 q - 3 potions of mutation
 s - 4 potions of magic
 v - 2 potions of might {unknown}
 z - 8 potions of curing
 D - 2 potions of ambrosia
 J - 2 potions of flight
 K - 5 potions of haste
 S - a potion of resistance
Comestibles
 c - 9 removed foods


   Skills:
 + Level 12.4 Fighting
 - Level 1.0 Staves
 - Level 3.0 Armour
 - Level 10.0 Dodging
 - Level 2.4 Stealth
 - Level 5.0 Shields
 + Level 12.7 Spellcasting
 - Level 10.7 Conjurations
   Level 4.0 Hexes
 - Level 2.4 Translocations
 * Level 13.2 Fire Magic
 - Level 10.1 Air Magic
 - Level 7.5 Earth Magic
 - Level 4.0 Evocations


You had 10 spell levels left.
You knew the following spells:

 Your Spells              Type           Power        Failure   Level
a - Foxfire               Conj/Fire      ####         0%          1
b - Conjure Flame         Conj/Fire      ######..     1%          3
c - Sticky Flame          Conj/Fire      ######..     1%          4
d - Fireball              Conj/Fire      ######....   1%          5
e - Iron Shot             Conj/Erth      ######....   3%          6
f - Blink                 Tloc           N/A          1%          2
g - Mephitic Cloud        Conj/Pois/Air  ######..     1%          3
i - Starburst             Conj/Fire      ######....   1%          6

Your spell library contained the following spells:

 Spells                   Type           Power        Failure   Level
 Conjure Ball Lightning   Conj/Air       ######....   1%          6
 Apportation              Tloc           ####..       1%          1
 Corona                   Hex            #####..      1%          1
 Magic Dart               Conj           ####         1%          1
 Slow                     Hex            #####...     1%          2
 Confusing Touch          Hex            #####...     1%          3
 Dazzling Flash           Conj/Hex       ######       1%          3
 Ignite Poison            Fire/Tmut/Pois #####...     1%          3
 Inner Flame              Hex/Fire       ######..     1%          3
 Tukima's Dance           Hex            #####...     1%          3
 Bolt of Magma            Conj/Fire/Erth ######....   1%          5
 Iskenderun's Battlesphe  Conj           ######..     1%          5
 Ensorcelled Hibernation  Hex/Ice        ####..       2%          2
 Animate Skeleton         Necr           ###...       3%          1
 Pain                     Necr           ###.         3%          1
 Summon Small Mammal      Summ           ###.         3%          1
 Gell's Gravitas          Tloc           ####......   3%          3
 Call Imp                 Summ           ###.....     4%          2
 Wereblood                Tmut           ###.....     4%          2
 Summon Guardian Golem    Hex/Summ       ####....     4%          3
 Summon Lightning Spire   Summ/Air       #####...     4%          4
 Petrify                  Tmut/Erth      #####...     7%          4
 Orb of Destruction       Conj           ######....   9%          7
 Call Canine Familiar     Summ           ###.....     10%         3
 Vampiric Draining        Necr           ###.......   10%         3
 Yara's Violent Unravell  Hex/Tmut       ####......   11%         5
 Ignition                 Fire           ######....   24%         8
 Animate Dead             Necr           ###.......   32%         4
 Summon Ice Beast         Ice/Summ       ###.....     32%         4
 Metabolic Englaciation   Hex/Ice        ####......   36%         5
 Summon Mana Viper        Hex/Summ       ####....     36%         5
 Summon Forest            Summ/Tloc      ###.......   47%         5
 Spellforged Servitor     Conj/Summ      #####.....   58%         7
 Summon Demon             Summ           ###.......   65%         5
 Dispersal                Tloc           ####......   88%         6
 Shadow Creatures         Summ           N/A          99%         6


Dungeon Overview and Level Annotations

Branches:
Dungeon (15/15)            Temple (1/1) D:7            Lair (6/6) D:11
 Shoals (3/4) Lair:4       Spider (2/4) Lair:3        Slime (0/5) Lair:5
    Orc (2/2) D:11            Elf (0/3) Orc:2        Vaults (0/5) D:14
 Depths: D:15

Altars:
Ashenzari
Cheibriados
Dithmenos
Elyvilon
Fedhas
Gozag
Hepliaklqana
Kikubaaqudgha
Makhleb
Nemelex Xobeh
Okawaru
Qazlal
Ru
Sif Muna
Trog
Uskayaw
Vehumet
Wu Jian
Xom
Yredelemnul
Zin
The Shining One

Shops:
D:6 :   D:10 x   D:13 (   D:14 :x!!?   D:15 *   Orc:2 *[(?

Portals:
Trove: D:10 (give horn of Geryon)

Annotations:
D:4 Menkaure
D:5 1 runed translucent door, busb's ghost, novice OgWn
D:6 1 runed translucent door, Crazy Yiuf
D:15 Kirke
Lair:2 exclusion: oklob plant
Spider:2 Arachne; Nikola


Message History

There is a web here.
There is a crawl-hole back to the Lair, spattered with blood here.
You start resting.
Your magical contamination has completely faded away.
You start resting.
Magic restored.
You start resting.
HP restored.
Your Charms skill decreases to level 12!
Welcome back, BarneyGumball the Deep Elf Fire Elementalist.
Vehumet says: Let it end in hellfire!
Press ? for a list of commands and other information.
Unknown command.
Unknown command.
Okay, then.
Unknown command.
Unknown command.
Quiver which item? (- for none, * to show all) (? for menu, Esc to quit)
Okay, then.
Are you sure you want to abandon this character and quit the game? (Confirm with "yes".)

#≈......#..#.#.^.#.#.
#≈#.#.##.#.#.#.#.....
##.^#...#.......#.#..
####..#...#..#......#.
###≈≈...#....#......^...
#≈≈≈#.#....#........#...
#≈≈......#.#....###^...#
#≈≈.....#.......#.....#.
#####.#@#...#..#..#.##..
#≈≈....^..........^.
##≈..#....#..#.#...#
#≈#....##...#....#..
#≈≈≈#..#....#..#.#...
#≈≈≈..#..#.....#....#
####...#..^.###..^...
#≈≈#^..#..#...#.^#.
#####...#........#†


There were no monsters in sight!

Vanquished Creatures
  2 orc warlords (Orc:1)
  An ironheart preserver (D:14)
  An entropy weaver (Spider:1)
  A merfolk javelineer (Shoals:3)
  3 merfolk impalers
  A vault guard (D:15)
  4 hydras
  A great orb of eyes (D:15)
  4 centaur warriors
  4 two-headed ogres
  A catoblepas (Lair:5)
  5 death yaks
  3 satyrs
  A merfolk avatar (Shoals:2)
  4 orc high priests
  Urug (Lair:6)
  A fire crab (Lair:5)
  8 sea snakes
  An unseen horror (D:15)
  8 orc knights
  2 wizards (D:14)
  A lindwurm (Lair:3)
  3 orb spiders (Spider:1)
  3 ugly things
  4 oklob plants (Lair:6)
  2 deep elf magi (D:14)
  5 manticores
  7 orc sorcerers
  4 cyclopes
  A moth of wrath (Spider:1)
  13 fauns
  11 wolf spiders
  5 merfolk sirens
  2 black mambas
  2 water nymphs
  3 elephants (Lair:6)
  28 cane toads
  A gargoyle (D:14)
  3 demonic crawlers (Spider:1)
  An efreet (D:13)
  A rime drake (Lair:1)
  7 komodo dragons
  7 trolls
  10 jumping spiders
  2 polar bears
  4 meliai
  A queen bee (D:13)
  2 wind drakes
  4 tyrant leeches
  32 blink frogs
  17 merfolk
  2 snapping turtles
  12 removed hippogriffs
  14 dream sheep
  27 redbacks
  2 shadows (D:14)
  2 wraiths
  10 tarantellas
  5 wyverns
  38 yaks
  3 basilisks
  2 vampires
  5 water elementals
  A human (D:11)
  13 vampire mosquitoes
  3 removed hungry ghosts
  7 wargs
  8 water moccasins
  14 removed porcupines
  3 sky beasts
  2 black bears
  32 orc warriors
  4 phantoms
  A hornet zombie (D:14)
  5 ice beasts
  An eye of draining (D:11)
  9 ogres
  A boggart (D:14)
  2 necrophages
  9 wolves
  9 centaurs
  2 big kobolds
  15 removed crocodiles
  A gnoll sergeant (D:9)
  25 bullfrogs
  A water moccasin skeleton (D:8)
  2 scorpions
  27 killer bees
  5 wights
  6 electric eels
  3 howler monkeys
  4 crimson imps
  2 bullfrog zombies
  2 quasits (D:9)
  16 jellies
  A wyvern simulacrum (D:15)
  4 centaur zombies
  3 hounds
  19 orc priests
  A bullfrog skeleton (D:12)
  3 centaur skeletons
  A gnoll shaman (D:10)
  10 orc wizards
  Jessica (D:9)
  6 iguanas
  5 worker ants
  A hound zombie (D:6)
  A hound skeleton (D:4)
  A mummy (D:6)
  A howler monkey zombie (D:11)
  A worker ant zombie (D:5)
  16 adders
  9 gnolls
  3 shadow imps
  3 oozes
  An adder skeleton (D:4)
  6 worms
  A dart slug (D:2)
  2 leopard geckos
  72 orcs
  7 bats
  3 giant cockroaches
  6 goblins
  4 hobgoblins
  12 jackals
  12 kobolds
  2 quokkas
  A jackal skeleton (D:4)
  A leopard gecko skeleton (D:5)
  A leopard gecko zombie (D:6)
  A quokka skeleton (D:8)
  3 rats
  2 rat zombies (D:7)
  A fungus (Lair:4)
828 creatures vanquished.

Vanquished Creatures (collateral kills)
  A jumping spider (Spider:2)
1 creature vanquished.

Vanquished Creatures (others)
  A troll (Orc:1)
  A redback (Spider:1)
  An orc wizard (D:9)
  4 bushes
  58 fungi
  67 plants
132 creatures vanquished.

Grand Total: 961 creatures vanquished

Notes
Turn   | Place    | Note
-------+----------+-------------------------------------------
     0 | D:1      | BarneyGumball the Deep Elf Fire Elementalist began the
                  | quest for the Orb.
     0 | D:1      | Reached XP level 1. HP: 10/10 MP: 6/6
   248 | D:1      | Reached XP level 2. HP: 15/15 MP: 6/8
   920 | D:2      | Found a bloodstained altar of Trog.
   964 | D:2      | Found a shattered altar of Ashenzari.
  1015 | D:2      | Reached XP level 3. HP: 19/19 MP: 6/10
  1050 | D:2      | Learned a level 3 spell: Conjure Flame
  1545 | D:2      | Reached XP level 4. HP: 24/24 MP: 4/11
  1618 | D:2      | Learned a level 4 spell: Sticky Flame
  1774 | D:3      | Found a blossoming altar of Fedhas.
  1813 | D:3      | Reached skill level 4 in Fire Magic
  2389 | D:3      | Reached XP level 5. HP: 27/28 MP: 10/13
  3215 | D:4      | Reached XP level 6. HP: 26/32 MP: 7/15
  3370 | D:4      | Reached skill level 5 in Spellcasting
  3472 | D:4      | Noticed Menkaure
  3778 | D:4      | Reached skill level 5 in Fire Magic
  3849 | D:4      | Reached skill level 5 in Dodging
  3934 | D:4      | Found a shimmering altar of Xom.
  4062 | D:5      | Entered Level 5 of the Dungeon
  4155 | D:5      | Found a white marble altar of Elyvilon.
  4321 | D:5      | Reached XP level 7. HP: 24/36 MP: 1/16
  4856 | D:5      | Found a runed translucent door.
  4860 | D:5      | Noticed busb's ghost (novice OgWn)
  5151 | D:5      | Reached skill level 6 in Fire Magic
  5175 | D:5      | Reached skill level 5 in Conjurations
  5606 | D:6      | Found a snail-covered altar of Cheibriados.
  5645 | D:6      | Reached XP level 8. HP: 41/41 MP: 11/17
  6192 | D:6      | Found a runed translucent door.
  6193 | D:6      | Noticed Crazy Yiuf
  6209 | D:6      | Found Bouw's Book Boutique.
  6636 | D:7      | Found a staircase to the Ecumenical Temple.
  6646 | Temple   | Entered the Ecumenical Temple
  6851 | Temple   | Became a worshipper of Vehumet
  7265 | D:7      | Reached skill level 7 in Fire Magic
  7303 | D:7      | Learned a level 5 spell: Fireball
  7379 | D:7      | Found an ancient bone altar of Kikubaaqudgha.
  7776 | D:8      | Found a basalt altar of Yredelemnul.
  8304 | D:8      | Reached XP level 9. HP: 45/45 MP: 8/18
  8386 | D:8      | Reached skill level 8 in Fire Magic
  8808 | D:8      | Found a blossoming altar of Fedhas.
  8949 | D:8      | Reached skill level 1 in Fighting
  9061 | D:8      | Reached skill level 1 in Evocations
  9265 | D:9      | Reached * piety under Vehumet
  9265 | D:9      | Offered knowledge of Sting by Vehumet.
  9447 | D:9      | Found a sparkling altar of Nemelex Xobeh.
  9462 | D:9      | Found a glowing silver altar of Zin.
  9572 | D:9      | You fall through a shaft for 2 floors!
  9600 | D:10     | Entered Level 10 of the Dungeon
  9685 | D:9      | Found an opulent altar of Gozag.
 10857 | D:9      | Reached skill level 9 in Fire Magic
 10864 | D:9      | Reached XP level 10. HP: 40/56 MP: 1/19
 11120 | D:9      | Noticed Jessica
 11128 | D:9      | Killed Jessica
 11135 | D:9      | Found a deep blue altar of Sif Muna.
 11887 | D:10     | Reached ** piety under Vehumet
 11887 | D:10     | Offered knowledge of Throw Frost by Vehumet.
 12010 | D:10     | Found Ufoofamp's Food Shoppe.
 12355 | D:10     | Found a portal to a secret trove of treasure.
 12475 | D:10     | Reached skill level 5 in Fighting
 13575 | D:11     | Noticed a two-headed ogre
 13616 | D:11     | Killed a two-headed ogre
 13616 | D:11     | Reached skill level 10 in Fire Magic
 13974 | D:11     | Found a staircase to the Orcish Mines.
 14438 | D:11     | Reached XP level 11. HP: 65/66 MP: 15/20
 14930 | D:11     | Found a staircase to the Lair.
 14940 | D:11     | Offered knowledge of Searing Ray by Vehumet.
 15536 | D:12     | Learned a level 3 spell: Confuse
 15809 | D:12     | Reached *** piety under Vehumet
 15972 | D:12     | Reached skill level 1 in Hexes
 16144 | D:12     | Reached skill level 10 in Conjurations
 16490 | Lair:1   | Entered Level 1 of the Lair of Beasts
 18250 | Lair:2   | Offered knowledge of Fulminant Prism by Vehumet.
 18479 | Lair:2   | Learned a level 2 spell: Blink
 18483 | Lair:2   | Learned a level 3 spell: Mephitic Cloud
 18511 | Lair:2   | Noticed an eight-headed hydra
 18609 | Lair:2   | Reached skill level 1 in Translocations
 18765 | Lair:2   | Killed an eight-headed hydra
 19190 | Lair:2   | Reached XP level 12. HP: 75/75 MP: 21/25
 19825 | Lair:3   | Found the +7 lajatang of Order {silver, rMut}
 19966 | Lair:3   | Reached skill level 1 in Shields
 20322 | Lair:3   | Upgraded the game from 0.24-a0-127-gfc1eed5 to
                  | 0.24-a0-129-gdb70d5e
 20330 | Lair:3   | Learned a level 6 spell: Iron Shot
 20347 | Lair:3   | Found a hole to the Spider Nest.
 20355 | Lair:3   | Reached skill level 1 in Staves
 20365 | Lair:3   | Reached **** piety under Vehumet
 20373 | Lair:3   | Reached skill level 10 in Dodging
 20380 | Lair:3   | Reached skill level 1 in Earth Magic
 20484 | Lair:3   | Offered knowledge of Airstrike by Vehumet.
 21822 | Lair:4   | Found a staircase to the Shoals.
 22632 | D:6      | Bought the Disquisition on the Assistive Blaze for 996 gold
                  | pieces
 22867 | Lair:5   | Noticed a catoblepas
 23508 | Lair:5   | Reached skill level 11 in Fire Magic
 23606 | Lair:5   | Found a staircase to the Slime Pits.
 23613 | Lair:5   | Reached XP level 13. HP: 82/82 MP: 28/28
 23743 | Lair:5   | Reached skill level 10 in Fighting
 24746 | Orc:1    | Entered Level 1 of the Orcish Mines
 24750 | Orc:1    | Reached ***** piety under Vehumet
 24750 | Orc:1    | Offered knowledge of Lee's Rapid Deconstruction by Vehumet.
 24753 | Orc:1    | Paralysed by an orc sorcerer for 7 turns
 25725 | Orc:1    | Noticed an orc warlord
 25919 | D:13     | Found Sudy's Weapon Boutique.
 26235 | D:13     | Reached skill level 5 in Earth Magic
 26534 | D:13     | Reached skill level 10 in Spellcasting
 27905 | Orc:1    | Killed an orc warlord
 28139 | Orc:1    | Noticed an orc warlord
 28151 | Orc:1    | Killed an orc warlord
 28386 | Orc:1    | Learned a level 7 spell: Deflect Missiles
 28505 | Orc:1    | Found the +3 salamander hide armour {+Rage rF++}
 28505 | Orc:1    | Identified the Guide on Lucky Translocation
 28722 | Orc:2    | Entered Level 2 of the Orcish Mines
 29291 | Orc:2    | Found a staircase to the Elven Halls.
 29357 | Orc:2    | Reached skill level 1 in Charms
 29359 | Orc:2    | Reached skill level 1 in Air Magic
 29359 | Orc:2    | Reached XP level 14. HP: 90/90 MP: 30/30
 29367 | Orc:2    | Reached skill level 5 in Shields
 29645 | Orc:2    | Found Ruxicheg's Magic Scroll Shop.
 29645 | Orc:2    | Found Tenekhaj's Antique Weapon Shop.
 29674 | Orc:2    | Found Geirenex's Armour Shoppe.
 29681 | Orc:2    | Found Toreeplu's Assorted Antiques.
 29723 | Orc:2    | Bought a potion of haste for 180 gold pieces
 29723 | Orc:2    | Bought a scroll of blinking for 135 gold pieces
 29723 | Orc:2    | Bought 2 scrolls of fog for 72 gold pieces
 29723 | Orc:2    | Bought a scroll of identify for 36 gold pieces
 29750 | Orc:2    | Bought a scroll of holy word for 105 gold pieces
 29750 | Orc:2    | Bought a scroll of teleportation for 42 gold pieces
 29750 | Orc:2    | Bought a scroll of teleportation for 42 gold pieces
 29750 | Orc:2    | Bought a scroll of amnesia for 49 gold pieces
 30744 | D:14     | Found Huchac's Distillery.
 30750 | D:14     | Upgraded the game from 0.24-a0-129-gdb70d5e to
                  | 0.24-a0-130-ga3c21ff
 30799 | D:14     | Reached skill level 1 in Armour
 30816 | D:14     | Bought a potion of heal wounds for 80 gold pieces
 30816 | D:14     | Bought a potion of heal wounds for 80 gold pieces
 30816 | D:14     | Bought 2 potions of magic for 256 gold pieces
 31426 | D:14     | Offered knowledge of Ozocubu's Refrigeration by Vehumet.
 31576 | D:14     | Found a gate to the Vaults.
 31677 | D:14     | Found Fimeutuwn's Food Emporium.
 31735 | D:14     | Found Wunoif's Book Shop.
 31773 | D:14     | Found Fuvyututi's Distillery.
 31775 | D:14     | Noticed an ironheart preserver
 31790 | D:14     | Killed an ironheart preserver
 31976 | D:14     | Found Inidotist's Magic Scroll Shop.
 31989 | D:14     | Bought a scroll of identify for 34 gold pieces
 31989 | D:14     | Bought a scroll of identify for 34 gold pieces
 32197 | D:15     | Entered Level 15 of the Dungeon
 32199 | D:15     | Reached ****** piety under Vehumet
 32199 | D:15     | Reached skill level 5 in Charms
 32746 | D:15     | Got a scintillating jade ring
 32748 | D:15     | Identified the ring of Tiobb {rCorr Str-3 Int+8 Dex+4} (You
                  | found it on level 15 of the Dungeon)
 32760 | D:15     | Found Ososi's General Store.
 32858 | D:15     | Identified the ring of Domal {rN+ Stlth-}
 32858 | D:15     | Noticed Kirke
 33029 | D:15     | Paralysed by a wizard for 5 turns
 33659 | D:15     | Noticed a shadow dragon
 34121 | Spider:1 | Entered Level 1 of the Spider Nest
 35561 | Spider:1 | Reached skill level 5 in Air Magic
 35941 | Lair:6   | Entered Level 6 of the Lair of Beasts
 35956 | Lair:6   | Reached XP level 15. HP: 96/96 MP: 32/32
 36336 | Lair:6   | Offered knowledge of Freezing Cloud by Vehumet.
 36444 | Lair:6   | Noticed Urug
 36453 | Lair:6   | Killed Urug
 36630 | Lair:6   | Reached skill level 10 in Charms
 38427 | Spider:1 | Offered knowledge of Bolt of Cold by Vehumet.
 39265 | Spider:2 | Noticed Nikola
 39755 | Spider:2 | Noticed Arachne
 40063 | Shoals:1 | Entered Level 1 of the Shoals
 40488 | Shoals:2 | Learned a level 6 spell: Bolt of Fire
 40555 | Shoals:2 | Got a heavily runed wooden ring
 40558 | Shoals:2 | Identified the ring "Nuigekho" {rCorr rN+} (You found it on
                  | level 2 of the Shoals)
 40666 | Shoals:2 | Reached skill level 10 in Air Magic
 40747 | Shoals:2 | Reached XP level 16. HP: 47/101 MP: 9/33
 41238 | Shoals:3 | Reached skill level 12 in Fire Magic
 41920 | Shoals:3 | HP: 4/101 [water nymph/the raging water (34)]
 42714 | Shoals:3 | Offered knowledge of Conjure Ball Lightning by Vehumet.
 42946 | Shoals:3 | Reached skill level 13 in Fire Magic
 42960 | Shoals:3 | Noticed a kraken
 43095 | Shoals:2 | Upgraded the game from 0.24-a0-130-ga3c21ff to
                  | 0.24-a0-170-gd8427f5
 43831 | Spider:1 | Upgraded the game from 0.24-a0-170-gd8427f5 to
                  | 0.26-a0-707-g31817bc
 43831 | Spider:1 | Quit the game

Illustrated notes

Levels and vault maps discovered:
D:1:      dpeg_arrival_brainrot, layout_rooms
D:2:      layout_rooms, lightli_temple_of_fire, first_ration,
          nicolae_ashenzari_panopticon
D:3:      layout_basic, lemuel_doored_altar
D:4:      layout_cave_pools, overflow_temple_1_default, uniq_menkaure
D:5:      layout_gridville, ebering_ghost_sewer_d, elyvilon_altar_3
D:6:      layout_basic, slow_altar_1, serial_shops, kennysheep_mini_moat,
          uniq_crazy_yiuf_cottage
D:7:      layout_cave_pools, lemuel_zombie_altar_kikubaaqudgha,
          minmay_temple_entry_large_hall, chequers_serial_rivers_marsh
D:8:      layout_cave_pools, overflow_temple_1_default, fedhas_altar_2
D:9:      layout_rooms, lemuel_crystal_altar, kennysheep_little_box,
          lemuel_round_altar, tgw_sif, serial_glass, glass_columns_c,
          glass_columns_b
D:10:     layout_basic, enter_trove_3, serial_shops, nicolae_shop_statue_plus,
          minmay_circle_x
D:11:     layout_loops_ring, due_lair_maze_entry_diamond, david_orc_2,
          gauntlet_entry_generic, grunt_pizzeria
D:12:     layout_stronghold, hangedman_decor_slide_cut, st_stairs_1
D:13:     layout_basic, serial_shops, shop, minivault_7
D:14:     layout_roguey, skrybe_vaults_entry_preservation, serial_park_square1
          [serial_park_minivault_5x5_5], serial_shops, nicolae_shop_trees,
          nicolae_shop_behind_doors, nicolae_shop_statue_plus, shop_fountains,
          shop
D:15:     hangedman_spin_cycle, uniq_kirke
Temple:   hc_temple_tempest_star
Lair:1:   layout_cave_pods, serial_bayou_pond_d, infiniplex_staircase_pool_2,
          grunt_megastairs_5
Lair:2:   layout_chaotic_city, serial_bayou_shore_a, serial_bayou_shore_b
Lair:3:   layout_small_grid, dummy_spider_entry
Lair:4:   layout_regular_city, shoals_dummy_entry
Lair:5:   layout_gridlike, minmay_slime_entry_jelly_boxes, serial_bayou_lake_a
Lair:6:   minmay_lair_end_frog_pond, layout_regular_city, st_stairs_9,
          dpeg_oklob_1, uniq_urug
Shoals:1: layout_shoals, serial_shops, nicolae_shop_overgrown_old_shop,
          nicolae_shop_overgrown_old_shop, shop, minmay_shop_enchanted_jewellery
Shoals:2: layout_shoals
Shoals:3: layout_shoals, centaur_isle
Spider:1: layout_spider_delve
Spider:2: layout_spider_delve, einodemon_crawler_minivault, uniq_nikola,
          uniq_arachne
Orc:1:    orc_temple, layout_caves, minmay_orc_treasury
Orc:2:    st_orc_elflike, layout_diamond_mine

Skill      XL: |  1  2  3  4  5  6  7  8  9 10 11 12 13 14 15 16 |
---------------+-------------------------------------------------+-----
Dodging        | 3 4 5 6 8 9 10 | 10.0
Conjurations   | 2 3 4 5 7 8 9 10 | 10.7
Spellcasting   | 4 5 7 9 10 11 12 | 12.7
Fire Magic     | 4 5 6 7 9 10 11 13 | 13.2
Fighting       | 3 6 8 9 11 12 | 12.4
Evocations     | 3 4 |  4.0
Hexes          | 4 |  4.0
Translocations | 2 |  2.4
Shields        | 3 4 5 |  5.0
Staves         | 1 |  1.0
Earth Magic    | 3 6 7 |  7.5
Charms         | 1 7 13 12 |  0.0
Air Magic      | 1 5 10 | 10.1
Armour         | 3 |  3.0
Stealth        | |  2.4

Action                   |  1- 3 |  4- 6 |  7- 9 | 10-12 | 13-15 | 16-18 || total
-------------------------+-------+-------+-------+-------+-------+-------++-------
Melee: Dagger            |       |     5 |    23 |    15 |       |       ||    43
       Staff             |       |       |       |    16 |     4 |       ||    20
Throw: Throwing net      |       |       |     1 |       |       |       ||     1
 Cast: Flame Tongue      |    46 |   127 |   293 |   604 |   895 |   112 ||  2077
       Conjure Flame     |     3 |     3 |    18 |    41 |    72 |     3 ||   140
       Sticky Flame      |       |     7 |    14 |    81 |   199 |    20 ||   321
       Fireball          |       |       |     4 |    11 |   101 |    31 ||   147
       Confuse           |       |       |       |     5 |       |       ||     5
       Mephitic Cloud    |       |       |       |     1 |    53 |    28 ||    82
       Iron Shot         |       |       |       |       |    77 |    20 ||    97
       Blink             |       |       |       |       |     8 |       ||     8
       Bolt of Fire      |       |       |       |       |     3 |     4 ||     7
       Deflect Missiles  |       |       |       |       |     2 |     2 ||     4
Evoke: Wand              |       |       |       |     1 |     8 |       ||     9
  Use: Scroll            |       |    12 |     4 |    10 |     9 |     5 ||    40
       Potion            |       |       |       |       |     9 |     4 ||    13
  Eat: Removed food      |     1 |     2 |     2 |     5 |    16 |     5 ||    31
       Removed food      |       |     3 |    15 |    30 |    32 |     3 ||    83
Armor: Robe              |     2 |     5 |    16 |    15 |     8 |    10 ||    56
       Leather armour    |       |       |       |       |    28 |       ||    28
Dodge: Dodged            |     5 |    40 |    79 |   208 |   404 |    73 ||   809
       Repelled          |       |       |       |       |     4 |    15 ||    19
Block: Buckler           |       |       |       |       |   100 |    26 ||   126

Table legend: (Time is in decaauts)
 A = Elapsed time spent in this place.
 B = Non-inter-level travel time spent in this place.
 C = Inter-level travel time spent in this place.
 D = Time resting spent in this place.
 E = Time spent auto-exploring this place.
 F = Levels seen in this place.
 G = Mean time per level.
                   A        B        C        D        E       F      G
               +--------+--------+--------+--------+--------+-----+--------+
         Total |  44029 |  40828 |   3201 |  19385 |   9711 |  29 | 1518.2 |
       Dungeon |  23677 |  22085 |   1592 |  10016 |   6798 |  15 | 1578.5 |
        Temple |    218 |    205 |     13 |      0 |    187 |   1 |  218.0 |
          Lair |  11712 |  10629 |   1083 |   5219 |   2484 |   6 | 1952.0 |
        Shoals |   3227 |   3144 |     83 |   1949 |      0 |   3 | 1075.7 |
   Spider Nest |   2904 |   2780 |    124 |   1914 |      0 |   2 | 1452.0 |
  Orcish Mines |   2290 |   1985 |    305 |    287 |    242 |   2 | 1145.0 |
               +--------+--------+--------+--------+--------+-----+--------+
